 Dungeon Crawl Stone Soup version 0.24.0-35-gdb84b6a5db (webtiles) character file.

Game seed: 17752701662783846204, levelgen mode: deterministic

175 Nattfarinn the Ruffian (level 5, -9/53 HPs)
             Began as an Ogre Transmuter on Nov 20, 2019.
             Killed by nerve-wracking pain
             ... invoked by an orc priest
              (11 damage)
             ... on level 3 of the Dungeon.
             The game lasted 00:03:50 (2290 turns).

Nattfarinn the Ruffian (Ogre Transmuter)            Turns: 2290, Time: 00:03:51

Health: -9/53      AC:  3    Str: 14    XL:     5   Next: 55%
Magic:  8/8        EV: 10    Int: 14    God:
Gold:   140        SH:  0    Dex: 10    Spells: 4/8 levels left

rFire    . . .     SeeInvis .   l - +4 falchion (holy)
rCold    . . .     Gourm    .   (no shield)
rNeg     . . .     Faith    .   b - +0 robe
rPois    .         Spirit   .   (helmet restricted)
rElec    .         Reflect  .   (no cloak)
rCorr    .         Harm     .   (gloves unavailable)
MR       .....                  (boots unavailable)
Stlth    +.........             (no amulet)
HPRegen  0.17/turn              (no ring)
MPRegen  0.11/turn              (no ring)

@: flying
A: large, unfitting armour, tough skin 1
a: no special abilities


You were on level 3 of the Dungeon.
You were not hungry.

You visited 1 branch of the dungeon, and saw 3 of its levels.

You collected 140 gold pieces.

Inventory:

Hand Weapons
 l - a +4 falchion of holy wrath (weapon)
Missiles
 a - 27 arrows
Armour
 b - a +0 robe (worn)
Scrolls
 f - a scroll of identify {unknown}
 h - a scroll of remove curse {unknown}
 i - a scroll of fog {unknown}
 j - a scroll of teleportation {unknown}
 o - a scroll of immolation {unknown}
Potions
 c - a potion of cancellation {unknown}
 e - 2 potions of lignification {unknown}
 g - 2 potions of flight
 k - a potion of magic {unknown}
 m - 2 potions of haste {unknown}
 n - a potion of resistance {unknown}
 p - a potion of curing {unknown}
Comestibles
 d - 2 rations


   Skills:
 + Level 3.2 Fighting
 - Level 1.7 Dodging
 * Level 4.0 Unarmed Combat
 - Level 2.4 Spellcasting
 * Level 3.4 Transmutations


You had 4 spell levels left.
You knew the following spells:

 Your Spells              Type           Power        Failure   Level  Hunger
a - Beastly Appendage     Tmut           ##....       5%          1    #......
b - Spider Form           Tmut/Pois      #.........   32%         3    ###....

Your spell library contained the following spells:

 Spells                   Type           Power        Failure   Level  Hunger
 Sticks to Snakes         Tmut           ##......     9%          2    ###....
 Ice Form                 Ice/Tmut       #.......     73%         4    #####..
 Blade Hands              Tmut           ##........   83%         5    ######.


Dungeon Overview and Level Annotations

Branches:
Dungeon (3/15)

Altars:

Annotations:
D:2 1 runed translucent door, Crazy Yiuf


Innate Abilities, Weirdness & Mutations

You are too large for most types of armour.
You have tough skin. (AC +1)


Message History

You hit the orc priest.
The orc priest is moderately wounded.
The hobgoblin barely misses you. The kobold closely misses you.
The orc priest hits you with a +0 flail!
* * * LOW HITPOINT WARNING * * *
Unknown command.
You hit the orc priest.
The orc priest is heavily wounded.
The hobgoblin hits you.
* * * LOW HITPOINT WARNING * * *
The kobold hits you but does no damage.
The orc priest hits you with a +0 flail!
* * * LOW HITPOINT WARNING * * *
The hobgoblin barely misses you.
It was a potion of flight.
You feel very buoyant.
You fly up into the air.
The kobold hits you but does no damage.
The orc priest invokes the aid of Beogh against you.
Pain shoots through your body!
You die...

#.........#
#.........#####
#.............#
#..[..)...:...#
#.........#
#.........#
#....r....#
#...Kog...#
######@###.#
#....)...# ..
#........# ..
#..[.....#
#...........
#........###
#..........
#..........#
########....


You could see an orc priest, a hobgoblin, a kobold and a rat.

Vanquished Creatures
  An orc priest (D:3)
  Terence (D:2)
  6 adders (D:2)
  An ooze (D:2)
  2 leopard geckos (D:2)
  5 orcs
  A giant cockroach (D:2)
  6 goblins
  6 hobgoblins
  5 jackals (D:2)
  8 bats
  3 frilled lizards
  7 kobolds
  8 rats
60 creatures vanquished.

Notes
Turn   | Place    | Note
-------+----------+-------------------------------------------
     0 | D:1      | Nattfarinn the Ogre Transmuter began the quest for the Orb.
     0 | D:1      | Reached XP level 1. HP: 19/19 MP: 3/3
   139 | D:1      | Reached XP level 2. HP: 25/28 MP: 3/5
   309 | D:1      | Reached skill level 3 in Unarmed Combat
   791 | D:2      | Reached XP level 3. HP: 35/35 MP: 6/6
   934 | D:2      | Noticed Terence
   941 | D:2      | Learned a level 3 spell: Spider Form
   949 | D:2      | Killed Terence
   949 | D:2      | Reached XP level 4. HP: 36/44 MP: 3/7
  1512 | D:2      | Reached XP level 5. HP: 47/52 MP: 8/8
  1959 | D:2      | Found a runed translucent door.
  1960 | D:2      | Noticed Crazy Yiuf
  2287 | D:3      | Reached skill level 4 in Unarmed Combat
  2289 | D:3      | HP: 2/53 [orc priest/+0 flail (9)]
  2290 | D:3      | Killed from afar by an orc priest

Levels and vault maps discovered:
D:1:      scummos_arrival_simple_fountains, layout_loops_ring
D:2:      layout_basic, uniq_crazy_yiuf_cottage, uniq_terence
D:3:      layout_basic, serial_curves, eino_curves_02, eino_curves_01,
          interstate_on_off

Skill      XL: |  1  2  3  4  5 |
---------------+----------------+-----
Transmutations | 2 3 |  3.4
Unarmed Combat | 3 4 |  4.0
Fighting       | 2 3 |  3.2
Dodging        | |  1.7
Spellcasting   | |  2.4

Action                   |  1- 3 |  4- 6 || total
-------------------------+-------+-------++-------
Melee: Unarmed           |   129 |     5 ||   134
       Kick              |     7 |       ||     7
       Punch             |     2 |     1 ||     3
       Falchion          |       |    88 ||    88
 Cast: Beastly Appendage |     6 |       ||     6
       Spider Form       |     1 |       ||     1
  Use: Potion            |       |     1 ||     1
 Stab: Sleeping          |       |     1 ||     1
  Eat: Chunk             |       |     5 ||     5
Armor: Robe              |    47 |    40 ||    87
Dodge: Dodged            |    83 |    71 ||   154
       Rpst.: Falchion   |       |    22 ||    22
